 Dungeon Crawl Stone Soup version 0.30-a0-165-g1891117ce2 (webtiles) character file.

Game seed: 1705439546972425472

550 ragingrage the Gusty (level 7, -5/36 HPs)
             Began as a Tengu Air Elementalist on Sept 29, 2022.
             Was an Initiate of Vehumet.
             Killed by an exploding lemure (41 damage)
             ... ignited by their inner flame
             ... on level 5 of the Dungeon.
             The game lasted 00:06:29 (5281 turns).

ragingrage the Gusty (Tengu Air Elementalist)       Turns: 5281, Time: 00:06:30

Health: -5/36      AC:  4    Str: 14    XL:     7   Next: 29%
Magic:  13/15      EV: 15    Int: 17    God:    Vehumet [......]
Gold:   207        SH:  5    Dex: 15    Spells: 6/16 levels left

rFire   . . .      SeeInvis .    k - +0 trident
rCold   . . .      Faith    .    (no shield)
rNeg    . . .      Spirit   .    a - +0 robe
rPois   .          Reflect  +    (helmet restricted)
rElec   .          Harm     .    B - +0 cloak
rCorr   .          Rampage  .    i - +0 pair of gloves
Will    .....                    (boots unavailable)
Stlth   ++........               n - amulet of reflection
HPRegen 0.12/turn                o - +6 ring of strength
MPRegen 0.14/turn                (no ring)

@: flying quickly and evasively, quick
A: beak, talons 3, nimble flight
a: Renounce Religion


You were on level 5 of the Dungeon.
You worshipped Vehumet.
Vehumet was noncommittal.
You visited 2 branches of the dungeon, and saw 6 of its levels.

You collected 207 gold pieces.

Inventory:

Hand Weapons
 k - a +0 trident (weapon)
 l - a +3 club
Armour
 a - a +0 robe (worn)
 d - a +0 cloak
 i - a +0 pair of gloves (worn)
 m - the +0 scale mail "Pitaog" {rF++ rN+ rCorr Dex-3}
   (You found it on level 2 of the Dungeon)

   Dex:       It affects your dexterity (-3).
   rF:        It greatly protects you from fire.
   rN:        It protects you from negative energy.
   rCorr:     It protects you from acid and corrosion.
 p - the +6 scale mail of Anwiz {rF+}
   (You found it on level 3 of the Dungeon)

   rF:        It protects you from fire.
 B - a +0 cloak (worn)
Jewellery
 n - an amulet of reflection (around neck)
 o - a +6 ring of strength (left hand)
Wands
 z - a wand of flame (12)
 A - a wand of roots (10)
Scrolls
 f - 2 scrolls of vulnerability
 r - a scroll of brand weapon {unknown}
 s - a scroll of magic mapping {unknown}
 t - 2 scrolls of immolation
 x - 2 scrolls of noise {unknown}
 y - a scroll of enchant armour {unknown}
Potions
 b - a potion of magic
 c - 4 potions of curing
 e - 3 potions of lignification
 g - 2 potions of might
 h - a potion of flight {unknown}
 j - a potion of ambrosia {unknown}
 q - a potion of haste
 u - 2 potions of mutation {unknown}
 v - a potion of berserk rage {unknown}
 w - a potion of degeneration {unknown}


   Skills:
 - Level 2.2 Dodging
 - Level 2.0 Stealth
 - Level 5.0 Spellcasting
 + Level 5.1 Conjurations
 + Level 6.5 Air Magic


You had 6 spell levels left.
You knew the following spells:

 Your Spells              Type           Power      Damage    Failure   Level
a - Shock                 Conj/Air       96%        1d9       1%          1
b - Static Discharge      Conj/Air       48%        2-4/arc   1%          2
c - Swiftness             Air            26%        N/A       3%          3
d - Airstrike             Air            13%        2d(2-18)  10%         4

Your spell library contained the following spells:

 Spells                   Type           Power      Damage    Failure   Level
 Chain Lightning          Conj/Air       12%        3d16      100%        9
 Fire Storm               Conj/Fire      6%         8d2       100%        9
 Shatter                  Erth           2%         3d6*      100%        9


Dungeon Overview and Level Annotations

Branches:
Dungeon (5/15)             Temple (1/1) D:4

Altars:
Ashenzari
Hepliaklqana
Sif Muna
Uskayaw
Vehumet
The Shining One

Annotations:
D:2 Terence
D:3 1 runed translucent door, exclusion: downstairs, purpskrrrp's ghost, amateur TrFi
D:5 Pikel


Innate Abilities, Weirdness & Mutations

You have a beak for a mouth.
You have claws for feet.
Your magical nature lets you fly swiftly and evasively.


Message History

g - Guard the area. f - Follow me.
Anything else - Cancel.
Okay, then.
The zap hits the lemure!
The lemure is moderately wounded.
The zap misses the lemure.
The zap hits the lemure.
The lemure is heavily wounded.
The zap hits the lemure.
The lemure is severely wounded.
A wyvern comes into view.
The wyvern hisses angrily.
Found a scroll labelled NEHAAXTA YQOAT.
There is a stone staircase leading down here.
As you read the scroll labelled OTETUL JOAZIXT, it crumbles to dust.
The creatures around you are filled with an inner flame!
It was a scroll of immolation.
Aiming: Fastroot
Press: ? - help, Shift-Dir - straight line, f/p - lemure
Aim: a lemure (severely wounded, inner flame)
The roots erupt in riotous growth!
Roots grab the lemure.
Roots grab the wyvern.
The grasping roots constrict the lemure.
Flame seeps out of the lemure.
The grasping roots constrict the wyvern.
Flame seeps out of the wyvern.
You hear a shout! x5
The wyvern is engulfed in blazing flames.
Flame seeps out of the wyvern.
The wyvern bites you but does no damage.
The wyvern is engulfed in blazing flames.
Flame seeps out of the wyvern.
The wyvern closely misses you.
The lemure is engulfed in blazing flames.
That felt strangely unrewarding.
The lemure explodes!
The fiery explosion engulfs the wyvern!!
Vehumet accepts your kill. The fiery explosion engulfs you!!!
Ouch! That really hurt!
You die...

...... #...... #..... #....#
##....# #.....#########
#######..........#..
.?.##...§##..........'..
.......@○§...........#..
.......○§§.....##...##..
...##..........##...# ..
...##....##....##...+ ..
######+# .......##....##...# 55
......... .##....##....'....#
.. ......... .
#....##[..(##...# ..
.......##...##..........##...#
.......##...##....##+#####....#


There were no monsters in sight!

Vanquished Creatures
  A wyvern (D:5)
  A lemure (D:5)
  A howler monkey (D:4)
  2 orc priests
  2 gnoll boudas (D:4)
  Jessica (D:2)
  Ijyb (D:4)
  Natasha (thrice) (D:4)
  An iguana (D:4)
  An orc wizard (D:3)
  Robin (D:4)
  7 gnolls
  2 adders
  An ufetubus (D:5)
  3 worms
  A dart slug (D:2)
  8 orcs
  6 endoplasms
  3 giant cockroaches
  11 goblins
  13 hobgoblins
  8 jackals (D:1)
  5 quokkas
  4 ball pythons
  6 bats
  2 frilled lizards (D:1)
  8 kobolds
  8 rats
111 creatures vanquished.

Notes
Turn   | Place    | Note
-------+----------+-------------------------------------------
     0 | D:1      | ragingrage the Tengu Air Elementalist began the quest for
                  | the Orb.
     0 | D:1      | Reached XP level 1. HP: 10/10 MP: 4/4
   157 | D:1      | Reached XP level 2. HP: 15/15 MP: 1/6
   163 | D:1      | Learned a level 2 spell: Static Discharge
   791 | D:1      | Reached XP level 3. HP: 19/19 MP: 4/7
   968 | D:1      | Found a faded altar of an unknown god.
  1651 | D:2      | Reached XP level 4. HP: 21/24 MP: 2/9
  1725 | D:2      | Noticed Jessica
  1728 | D:2      | Killed Jessica
  1839 | D:2      | Noticed Terence
  1945 | D:2      | Identified the +0 scale mail "Pitaog" {rF++ rN+ rCorr
                  | Dex-3}
  2108 | D:2      | Learned a level 3 spell: Swiftness
  2231 | D:3      | Identified the +6 scale mail of Anwiz {rF+}
  2421 | D:3      | Reached skill level 5 in Air Magic
  2421 | D:3      | Gained mutation: Your magical nature lets you fly swiftly
                  | and evasively. [Tengu growth]
  2421 | D:3      | Reached XP level 5. HP: 24/28 MP: 5/11
  2546 | D:3      | Found a runed translucent door.
  2570 | D:3      | Noticed purpskrrrp's ghost (amateur TrFi)
  2901 | D:4      | Noticed Natasha
  2904 | D:4      | Killed Natasha
  3051 | D:4      | Reached XP level 6. HP: 32/32 MP: 6/13
  3068 | D:4      | Learned a level 4 spell: Airstrike
  3344 | D:4      | Found a staircase to the Ecumenical Temple.
  3355 | D:4      | Noticed Natasha
  3360 | D:4      | Killed Natasha
  3367 | Temple   | Entered the Ecumenical Temple
  3598 | Temple   | Became a worshipper of Vehumet
  4154 | D:4      | Noticed Natasha
  4164 | D:4      | Killed Natasha
  4186 | D:4      | Reached skill level 6 in Air Magic
  4411 | D:4      | Reached XP level 7. HP: 36/36 MP: 9/15
  4417 | D:4      | Identified the +1 helmet of the Centipede {rPois Int+2}
  4417 | D:4      | Noticed Robin
  4511 | D:4      | Killed Robin
  4712 | D:4      | Reached skill level 5 in Spellcasting
  4852 | D:4      | Noticed Ijyb
  4860 | D:4      | Killed Ijyb
  4867 | D:4      | Reached skill level 5 in Conjurations
  5184 | D:5      | Entered Level 5 of the Dungeon
  5261 | D:5      | Noticed Pikel
  5277 | D:5      | Noticed a wyvern
  5281 | D:5      | Killed a wyvern
  5281 | D:5      | Killed by an exploding lemure... ignited by their inner
                  | flame

Illustrated notes

Levels and vault maps discovered:
D:1:      ncdulo_lavacross, layout_basic, basic_ecumenical_altar,
          patterned_corridor
D:2:      layout_basic, uniq_terence, uniq_jessica
D:3:      layout_rooms, ebering_ghost_reflecting_pool, dk_noncrumbling_2,
          chequers_serial_rivers_micro_d, supply_closet_lemuel
D:4:      layout_basic, minmay_temple_entry_proselytizer,
          kennysheep_decorative_pillar, hangedman_decor_points, feat_on_display,
          uniq_natasha, uniq_ijyb, uniq_robin
D:5:      layout_gridville, uniq_pikel
Temple:   mainiacjoe_temple_trianglar_array

Skill      XL: |  1  2  3  4  5  6  7 |
---------------+----------------------+-----
Conjurations   | 2 3 4 5 |  5.1
Spellcasting   | 3 4 5 |  5.0
Air Magic      | 5 6 |  6.5
Dodging        | |  2.2
Stealth        | |  2.0

Action                   |  1- 3 |  4- 6 |  7- 9 || total
-------------------------+-------+-------+-------++-------
Melee: Unarmed           |    15 |       |       ||    15
       Peck              |     3 |     1 |     1 ||     5
       Kick              |     6 |     1 |       ||     7
       Trident           |     4 |     7 |     5 ||    16
 Cast: Shock             |    85 |   113 |    28 ||   226
       Static Discharge  |     1 |    15 |    10 ||    26
Evoke: Wand              |       |       |     1 ||     1
  Use: Scroll            |       |       |     5 ||     5
       Potion            |       |       |     1 ||     1
Armor: Robe              |     8 |     1 |     1 ||    10
Dodge: Dodged            |    25 |    21 |     8 ||    54
Block: Other             |       |     7 |     4 ||    11

Table legend: (Time is in decaauts)
 A = Elapsed time spent in this place.
 B = Non-inter-level travel time spent in this place.
 C = Inter-level travel time spent in this place.
 D = Time resting spent in this place.
 E = Time spent auto-exploring this place.
 F = Levels seen in this place.
 G = Mean time per level.
                   A        B        C        D        E       F      G
               +--------+--------+--------+--------+--------+-----+--------+
         Total |   5177 |   4905 |    272 |   1384 |   2714 |   6 |  862.8 |
       Dungeon |   4927 |   4703 |    224 |   1384 |   2514 |   5 |  985.4 |
        Temple |    250 |    202 |     48 |      0 |    200 |   1 |  250.0 |
               +--------+--------+--------+--------+--------+-----+--------+

Top non-repeatable levels by time:
     D:4: 1595 daAuts
     D:1: 1519 daAuts
     D:3: 1058 daAuts
     D:2: 664 daAuts
  Temple: 250 daAuts
     D:5: 89 daAuts
